 Dungeon Crawl Stone Soup version 0.30-a0-241-g1121274140 (webtiles) character file.

Game seed: 3946989716512703868

93 greasedhog the Trooper (level 4, -2/30 HPs)
             Began as a Gargoyle Cinder Acolyte on Oct 11, 2022.
             Was a High Priest of Ignis.
             Slain by an ogre
             ... wielding a +0 giant spiked club
              (18 damage)
             ... on level 3 of the Dungeon.
             The game lasted 00:03:00 (1833 turns).

greasedhog the Trooper (Gargoyle Cinder Acolyte)    Turns: 1833, Time: 00:03:00

Health: -2/30      AC: 13    Str: 20    XL:     4   Next: 62%
Magic:  5/5        EV: 11    Int: 14    God:    Ignis [*****.]
Gold:   147        SH:  0    Dex:  5    Spells: 5/5 levels left

rFire   + . .      SeeInvis .    f - +4 dagger (drain)
rCold   . . .      Faith    .    (no shield)
rNeg    + . .      Spirit   .    b - +0 robe
rPois   ∞          Reflect  .    (no helmet)
rElec   +          Harm     .    h - +0 cloak
rCorr   .          Rampage  .    (no gloves)
Will    .....                    (no boots)
Stlth   +.........               (no amulet)
HPRegen 0.25/turn                (no ring)
MPRegen 0.09/turn                (no ring)

@: fiery-armoured
A: sickness immunity, AC +3, negative energy resistance 1, electricity
resistance, torment resistance 1, petrification resistance
a: Renounce Religion, Fiery Armour, Foxfire Swarm, Rising Flame


You were on level 3 of the Dungeon.
You worshipped Ignis.
Ignis was extremely pleased with you.
You visited 1 branch of the dungeon, and saw 3 of its levels.

You collected 147 gold pieces.

Inventory:

Hand Weapons
 a - a -1 mace of flaming
 f - a +4 dagger of draining (weapon)
Armour
 b - a +0 robe (worn)
 h - a +0 cloak (worn)
Jewellery
 n - a ring of protection from fire
Scrolls
 d - a scroll of teleportation {unknown}
 j - a scroll of magic mapping
 m - a scroll of immolation
Potions
 c - a potion of flight {unknown}
 e - a potion of attraction {unknown}
 i - 2 potions of heal wounds {unknown}
 k - a potion of might {unknown}
 l - 2 potions of berserk rage {unknown}
 o - a potion of curing {unknown}


   Skills:
 * Level 4.7 Fighting
 * Level 4.2 Maces & Flails
 - Level 1.0 Spellcasting
 - Level 3.0 Fire Magic


You had 5 spell levels left.
You didn't know any spells.
Your spell library contained the following spells:

 Spells                   Type           Power      Damage    Failure   Level
 Scorch                   Fire           18%        2d6       12%         2
 Necrotise                Necr           0%         1d4       26%         1
 Slow                     Hex            0%         N/A       26%         1
 Confusing Touch          Hex            0%         N/A       61%         3
 Gell's Gravitas          Tloc           0%         N/A       61%         3
 Teleport Other           Tloc           0%         N/A       61%         3
 Vampiric Draining        Necr           0%         2d6       61%         3
 Agony                    Necr           0%         N/A       100%        5
 Dispersal                Tloc           0%         N/A       100%        6


Dungeon Overview and Level Annotations

Branches:
Dungeon (3/15)

Altars:
Ru


Innate Abilities, Weirdness & Mutations

You are immune to sickness and miasma.
Your stone body is resilient. (AC +3)
You are immune to poison.
You resist negative energy. (rN+)
You are resistant to electric shocks. (rElec)
You are resistant to unholy torment.
You are immune to petrification.


Message History

The orc is heavily wounded.
The orc hits you but does no damage.
You closely miss the orc.
The orc is heavily wounded.
The ogre shouts!
The orc hits you but does no damage.
The orc is burned by your cloak of flames.
The orc is almost dead.
The orc priest hits you from afar with a +0 trident.
You barely miss the orc.
The orc is almost dead.
The orc hits you but does no damage. The orc priest misses you.
You hit the orc but do no damage.
The orc is almost dead.
The orc misses you.
The orc priest hits you but does no damage.
You hit the orc but do no damage. You drain the orc.
You kill the orc!
The orc priest barely misses you.
You hit the orc but do no damage. You drain the orc.
The orc is heavily wounded.
The orc priest hits you from afar with a +0 trident.
The orc misses you.
You hit the orc.
The orc is severely wounded.
The orc priest hits you but does no damage.
The orc closely misses you.
You hit the orc but do no damage.
The orc is severely wounded.
The orc priest hits you but does no damage.
The orc hits you but does no damage.
You hit the orc but do no damage. You drain the orc.
You kill the orc!
The orc priest hits you from afar with a +0 trident.
You hit the ogre.
The ogre is lightly wounded.
The orc priest barely misses you.
The ogre hits you with a +0 giant spiked club!!
Ouch! That really hurt!
You die...

#..#### ###
#..##.. ..#
#.####..##.# #.#
o......)##.## #
#.#
#)##.##.#####.####
#.#...#...........
#.o...[......)####
#O#...######..#
#@##.## #....#
#.##.#####.##.#
#.##..........#
#.########.####
#.# #.# #.# #.#
#.# #.# #.# ..#
#.# .##


You could see an ogre and an orc priest.

Vanquished Creatures
  An orc wizard (D:3)
  2 worms
  A dart slug (D:1)
  7 orcs (D:3)
  3 ball pythons
  4 endoplasms
  2 giant cockroaches (D:1)
  4 goblins
  5 hobgoblins
  2 quokkas
  8 bats
  2 frilled lizards
  5 kobolds
  4 rats
  A spectral kobold (D:1)
51 creatures vanquished.

Notes
Turn   | Place    | Note
-------+----------+-------------------------------------------
     0 | D:1      | greasedhog the Gargoyle Cinder Acolyte began the quest for
                  | the Orb.
     0 | D:1      | Reached XP level 1. HP: 14/14 MP: 2/2
   146 | D:1      | Reached XP level 2. HP: 16/19 MP: 3/3
   370 | D:1      | Found a faded altar of an unknown god.
   699 | D:1      | Reached XP level 3. HP: 22/24 MP: 4/4
  1339 | D:2      | Found a sacrificial altar of Ru.
  1618 | D:3      | Noticed an ogre
  1791 | D:3      | Reached XP level 4. HP: 27/30 MP: 5/5
  1833 | D:3      | Slain by an ogre

Illustrated notes

Levels and vault maps discovered:
D:1:      saegor_arrival_simple_b, layout_basic,
          dreamdust_ecumenical_altar_drowned_temple, minmay_cut_off
D:2:      layout_loops_ring, basic_altar, nrook_uturn
D:3:      layout_loops_ring, nicolae_ru_the_path_less_chosen, bloody_trog,
          uniq_sigmund

Skill      XL: |  1  2  3  4 |
---------------+-------------+-----
Fighting       | 4 |  4.7
Maces & Flails | 4 |  4.2
Spellcasting   | |  1.0
Fire Magic     | |  3.0

Action                   |  1- 3 |  4- 6 || total
-------------------------+-------+-------++-------
Melee: Mace              |    82 |       ||    82
       Dagger            |    64 |    30 ||    94
Throw: Throwing net      |     1 |       ||     1
Invok: Fiery Armour      |       |     1 ||     1
  Use: Scroll            |     3 |       ||     3
Armor: Robe              |    67 |    16 ||    83
Dodge: Dodged            |   115 |    12 ||   127

Table legend: (Time is in decaauts)
 A = Elapsed time spent in this place.
 B = Non-inter-level travel time spent in this place.
 C = Inter-level travel time spent in this place.
 D = Time resting spent in this place.
 E = Time spent auto-exploring this place.
 F = Levels seen in this place.
 G = Mean time per level.
                   A        B        C        D        E       F      G
               +--------+--------+--------+--------+--------+-----+--------+
         Total |   1856 |   1773 |     83 |     59 |   1260 |   3 |  618.7 |
       Dungeon |   1856 |   1773 |     83 |     59 |   1260 |   3 |  618.7 |
               +--------+--------+--------+--------+--------+-----+--------+

Top non-repeatable levels by time:
     D:2: 801 daAuts
     D:1: 772 daAuts
     D:3: 282 daAuts
